 Dungeon Crawl Stone Soup version 0.28.0-45-g0d030f2227 (webtiles) character file.

Game seed: 3802171168504624859

105033 pkoi the Thaumaturge (level 15, -1/124 HPs)
             Began as a Demigod Air Elementalist on Apr 11, 2022.
             Slain by an alligator (21 damage)
             ... on level 4 of the Lair of Beasts.
             The game lasted 01:04:07 (46333 turns).

pkoi the Thaumaturge (Demigod Air Elementalist)    Turns: 46333, Time: 01:04:08

Health: -1/124     AC: 13    Str: 13    XL:     15   Next: 46%
Magic:  4/37       EV: 16    Int: 39    God:
Gold:   388        SH:  0    Dex: 16    Spells: 20/39 levels left

rFire   + . .      SeeInvis .   c - +12 war axe of Intense Prudence {vorpal, rPois Dex+2}
rCold   + . .      Faith    .   (no shield)
rNeg    . . .      Spirit   .   O - +2 leather armour {rC+ rF+}
rPois   +          Reflect  .   (no helmet)
rElec   .          Harm     .   v - +2 cloak {rCorr}
rCorr   +          Rampage  .   A - +1 pair of gloves
Will    +....                   H - +2 pair of boots {Fly}
Stlth   ++........              x - amulet of the acrobat
HPRegen 0.30/turn               t - +6 ring of intelligence
MPRegen 0.25/turn               S - ring of wizardry

@: flying
A: high MP 1, forlorn, divine attributes
a: no special abilities


You were on level 4 of the Lair of Beasts.
You visited 4 branches of the dungeon, and saw 21 of its levels.
You also visited: Bailey and Ice Cave.

You collected 2789 gold pieces.
You spent 2401 gold pieces at shops.

Inventory:

Hand Weapons
 c - the +12 war axe of Intense Prudence (weapon) {vorpal, rPois Dex+2}
   (You found it on level 9 of the Dungeon)

   It inflicts extra damage upon your enemies.
   Dex:       It affects your dexterity (+2).
   rPois:     It protects you from poison.
Missiles
 d - 40 poisoned darts
 f - 24 curare-tipped darts
 h - 8 atropa-tipped darts
 i - 20 boomerangs
Armour
 v - a +2 cloak of preservation (worn)
 A - a +1 pair of gloves (worn)
 H - a +2 pair of boots of flying (worn)
 O - a +2 leather armour of resistance (worn)
Magical Staves
 R - a staff of earth
Jewellery
 b - a ring of fire
 m - an amulet of regeneration
 q - a ring of flight
 t - a +6 ring of intelligence (left hand)
 x - an amulet of the acrobat (around neck)
 z - a +6 ring of dexterity
 K - a ring of ice
 S - a ring of wizardry (right hand)
Wands
 e - a wand of charming (9)
 l - a wand of paralysis (5)
 s - a wand of flame (72)
 y - a wand of iceblast (14)
 G - a wand of mindburst (3)
Scrolls
 n - 2 scrolls of enchant armour
 o - 4 scrolls of holy word
 p - a scroll of identify
 B - 4 scrolls of amnesia
 D - a scroll of silence
 F - a scroll of fear
 I - 6 scrolls of teleportation
 J - 2 scrolls of magic mapping
Potions
 a - 2 potions of brilliance
 g - 4 potions of cancellation
 j - 13 potions of curing
 k - 2 potions of invisibility
 r - a potion of magic
 u - 3 potions of might
 w - 3 potions of ambrosia
 C - 2 potions of heal wounds
 E - 4 potions of berserk rage
 L - a potion of haste
 M - a potion of flight
 N - 2 potions of lignification
Miscellaneous
 Q - a phantom mirror


   Skills:
 - Level 9.0 Fighting
 - Level 3.0 Armour
 - Level 9.2 Dodging
 - Level 1.7 Stealth
 + Level 9.6 Unarmed Combat
 + Level 12.9 Spellcasting
 - Level 3.0 Conjurations
 + Level 8.3 Transmutations
 + Level 5.9 Fire Magic
 - Level 12.0 Air Magic
 - Level 6.0 Poison Magic


You had 20 spell levels left.
You knew the following spells:

 Your Spells              Type           Power      Damage    Failure   Level
a - Shock                 Conj/Air       100%       1d9       1%          1
b - Static Discharge      Conj/Air       70%        N/A       1%          2
c - Swiftness             Air            87%        N/A       1%          3
d - Airstrike             Air            43%        N/A       1%          4
e - Olgreb's Toxic Radia  Pois           64%        N/A       1%          4
f - Poisonous Vapours     Pois/Air       100%       N/A       1%          2
g - Ignite Poison         Fire/Tmut/Pois 67%        N/A       1%          3

Your spell library contained the following spells:

 Spells                   Type           Power      Damage    Failure   Level
 Foxfire                  Conj/Fire      100%       2x1d9     1%          1
 Freeze                   Ice            100%       1d11      1%          1
 Corpse Rot               Necr/Air       100%       N/A       1%          2
 Conjure Flame            Conj/Fire      57%        6-21      1%          3
 Inner Flame              Hex/Fire       48%        N/A       1%          3
 Mephitic Cloud           Conj/Pois/Air  68%        N/A       1%          3
 Stone Arrow              Conj/Erth      72%        3d11      1%          3
 Flame Wave               Conj/Fire      57%        2d11      1%          4
 Summon Lightning Spire   Summ/Air       64%        N/A       1%          4
 Lightning Bolt           Conj/Air       35%        1d53      1%          5
 Gell's Gravitas          Tloc           25%        N/A       2%          3
 Ozocubu's Armour         Ice            25%        N/A       2%          3
 Teleport Other           Tloc           25%        N/A       2%          3
 Fireball                 Conj/Fire      28%        3d12      3%          5
 Eringya's Noxious Bog    Tmut/Pois      34%        N/A       6%          6
 Animate Armour           Summ/Erth      50%        N/A       8%          4
 Cause Fear               Hex            12%        N/A       8%          4
 Summon Forest            Summ/Tloc      12%        N/A       21%         5
 Iron Shot                Conj/Erth      18%        9d4       50%         6
 Dispersal                Tloc           12%        N/A       69%         6
 Borgnjor's Revivificati  Necr           12%        N/A       100%        8
 Discord                  Hex            12%        N/A       100%        8
 Lehudib's Crystal Spear  Conj/Erth      18%        10d5      100%        8
 Necromutation            Tmut/Necr      27%        N/A       100%        8
 Death's Door             Necr           12%        N/A       100%        9


Dungeon Overview and Level Annotations

Branches:
Dungeon (12/15)            Temple (0/1) D:6            Lair (6/6) D:10
  Swamp (1/4) Lair:4       Spider (0/4) Lair:4        Slime (0/5) Lair:6
    Orc (2/2) D:11         Bailey (visited)           IceCv (visited)
    Elf: Orc:2

Shops:
D:5 [   D:6 (:   D:7 :[:*

Annotations:
D:11 Donald


Innate Abilities, Weirdness & Mutations

You have an increased reservoir of magic. (+10% MP)
You shall have no god before yourself.
Your divine heritage dramatically boosts your attributes as you level up.


Message History

The tentacled monstrosity constricts you!
* * * LOW HITPOINT WARNING * * *
The alligator puts on a burst of speed!
Unknown command.
The tentacled monstrosity's grasp on you weakens, but your attempt to escape fails.
The tentacled monstrosity tentacle-slaps you!
* * * LOW HITPOINT WARNING * * *
The tentacled monstrosity tentacle-slaps you but does no damage. x2
The tentacled monstrosity constricts you!
* * * LOW HITPOINT WARNING * * *
The alligator bites you.
* * * LOW HITPOINT WARNING * * *
The alligator tail-slaps you but does no damage.
Blink to where?
Press: ? - help, Dir - move target, p - alligator You escape the tentacled monstrosity's grasp.
As you read the scroll of blinking, it crumbles to dust.
There is a staircase back to the Lair here.
There is a staircase back to the Lair here.
The alligator barely misses you.
The alligator tail-slaps you but does no damage.
You fly upwards.
Welcome back to the Lair of Beasts!
There is a staircase to the Swamp here.
You hit the alligator but do no damage.
The alligator is moderately wounded.
The alligator bites you.
* * * LOW HITPOINT WARNING * * *
The alligator tail-slaps you.
* * * LOW HITPOINT WARNING * * *
The alligator closely misses you. The alligator tail-slaps you!
* * * LOW HITPOINT WARNING * * *
Casting: Static Discharge (safe; 1% risk of failure)
Confirm with . or Enter, or press ? or * to list all spells.
Aiming: Poisonous Vapours (safe; 1% risk of failure)
Press: ? - help, Dir - move target, f - alligator
Aim: an alligator (thin mist, lightly wounded, covering ground quickly) Poisonous vapours surround the alligator!
The alligator is poisoned.
The alligator closely misses you. The alligator barely misses you.
The alligator bites you!!
You die...

###### ##....####
.........###### ### ####
...........##.###.#####.P##
...........#..............#
.........#.....§≈§........#
..........#P..§§§§≈.......#
..........###.♣§@♣§.......##
.....†...###..§§t≈≈..<....P#
..........###..♣♣≈........##
.#.+##.#..P###......#.P.#.#
###..####### #..#..#.######
####.###..# #.......#
#.##+.#...# #######.###
..........# #...#
..........# ####...#


You could see an alligator (swift, very poisoned).

Vanquished Creatures
  Gastronok (Lair:2)
  An ice dragon (Lair:6)
  Josephine (D:10)
  The ghost of noobcanoe the Nimble, a journeyman DEIE of Sif Muna (Lair:1)
  2 boulder beetles (Lair:6)
  6 hydras
  2 centaur warriors (D:8)
  2 two-headed ogres (D:9)
  Erica (Orc:1)
  A death knight (D:12)
  3 alligators (Swamp:1)
  11 death yaks
  A catoblepas (Lair:6)
  Nergalle (D:11)
  Sonja (D:11)
  4 bog bodies
  Pikel (D:4)
  A lindwurm (Lair:6)
  A phantasmal warrior (D:12)
  2 ugly things
  A manticore (D:8)
  4 cyclopes
  A wolf spider (Lair:6)
  A guardian serpent (Lair:6)
  6 elephants
  10 black mambas
  5 torpor snails
  An ice statue (IceCv)
  14 cane toads
  A gargoyle (D:10)
  An unseen horror (D:11)
  A rime drake (Lair:5)
  2 kobold demonologists (D:9)
  5 komodo dragons
  A freezing wraith (D:12)
  An anaconda simulacrum (IceCv)
  2 ice devils (IceCv)
  4 polar bears
  Grinder (D:3)
  2 trolls (D:11)
  4 tyrant leeches (Lair:6)
  3 slime creatures (D:12)
  Prince Ribbit (D:7)
  13 hornets
  13 dream sheep
  9 blink frogs
  4 jumping spiders (Lair:4)
  A centaur simulacrum (D:11)
  Sigmund (D:4)
  16 wyverns
  2 culicivoras (Lair:4)
  2 shadows (D:11)
  9 wraiths
  50 yaks
  A vampire (D:9)
  5 basilisks
  3 dire elephant simulacra (IceCv)
  A steam dragon (D:10)
  A death yak simulacrum (IceCv)
  2 vampire mosquitoes (D:12)
  Menkaure (D:4)
  2 redbacks
  4 acid dragons
  28 water moccasins
  12 orc warriors
  4 black bears
  2 necrophages
  5 ogres
  15 wolves
  2 centaurs
  A phantom (D:4)
  11 kobold brigands
  A lemure (D:5)
  Blork the orc (D:5)
  18 bullfrogs
  3 gnoll sergeants
  2 two-headed ogre simulacra (IceCv)
  2 scorpions
  3 cane toad simulacra (IceCv)
  A wyvern skeleton (D:7)
  A water moccasin zombie (D:6)
  A water moccasin skeleton (D:5)
  2 elephant simulacra (IceCv)
  11 killer bees
  4 wights (D:10)
  3 electric eels (D:6)
  4 centaur zombies
  2 howler monkeys
  2 bullfrog zombies
  A hound (D:4)
  4 jellies
  8 orc priests
  Crazy Yiuf (D:5)
  A gnoll shaman (D:4)
  3 iguanas (D:5)
  15 orc wizards
  7 troll simulacra (IceCv)
  2 polar bear simulacra (IceCv)
  8 spriggan simulacra (IceCv)
  2 wolf simulacra (IceCv)
  A howler monkey zombie (D:6)
  20 gnolls
  7 adders
  2 naga simulacra (IceCv)
  9 white imps
  A howler monkey simulacrum (D:11)
  7 ufetubi (IceCv)
  3 worms
  3 dart slugs
  45 orcs
  9 ball pythons
  5 endoplasms
  6 giant cockroaches
  13 goblins
  7 hobgoblins
  36 kobolds
  5 quokkas
  7 bats
  3 frilled lizards
  7 rats
645 creatures vanquished.

Vanquished Creatures (others)
  An orc (D:11)
  3 bushes (D:10)
  59 fungi
  134 plants
197 creatures vanquished.

Grand Total: 842 creatures vanquished

Notes
Turn   | Place    | Note
-------+----------+-------------------------------------------
     0 | D:1      | pkoi the Demigod Air Elementalist began the quest for the
                  | Orb.
     0 | D:1      | Reached XP level 1. HP: 14/14 MP: 5/5
   473 | D:1      | Reached XP level 2. HP: 20/20 MP: 5/7
   652 | D:1      | Learned a level 2 spell: Static Discharge
   670 | D:1      | Reached skill level 1 in Conjurations
  1244 | D:2      | Reached XP level 3. HP: 25/26 MP: 2/8
  2087 | D:2      | Reached XP level 4. HP: 33/33 MP: 5/9
  2503 | D:3      | Learned a level 3 spell: Swiftness
  2714 | D:3      | You fall into a shaft and drop 3 floors!
  2743 | D:6      | Noticed a black bear
  2754 | D:6      | Killed a black bear
  2755 | D:6      | Reached skill level 5 in Air Magic
  2755 | D:6      | Reached XP level 5. HP: 28/38 MP: 0/10
  2841 | D:6      | Found Nafoage's Book Emporium.
  2846 | D:6      | Found Noseowiq's Weapon Shop.
  2863 | D:5      | Entered Level 5 of the Dungeon
  2907 | D:5      | Found a runed translucent door.
  2983 | D:5      | Noticed Crazy Yiuf
  3060 | D:5      | Noticed a necrophage
  3077 | D:5      | Killed a necrophage
  3078 | D:5      | Reached XP level 6. HP: 37/45 MP: 3/11
  3230 | D:5      | Noticed Blork the orc
  3240 | D:5      | Killed Blork the orc
  3241 | D:5      | Reached skill level 1 in Fighting
  3508 | D:5      | Found Aleut's Antique Armour Shop.
  3523 | D:5      | Reached XP level 7. HP: 26/52 MP: 5/13
  3786 | D:4      | Noticed Grinder
  3790 | D:4      | Paralysed by Grinder for 5 turns
  4334 | D:3      | Killed Grinder
  4821 | D:3      | Learned a level 4 spell: Airstrike
  5171 | D:4      | Noticed Sigmund
  5436 | D:4      | Killed Sigmund
  5682 | D:4      | Reached XP level 8. HP: 63/63 MP: 7/16
  5761 | D:4      | Noticed Menkaure
  5763 | D:4      | Killed Menkaure
  6302 | D:5      | Noticed Pikel
  6390 | D:4      | Killed Pikel
  7169 | D:5      | Killed Crazy Yiuf
  7731 | D:5      | Reached skill level 5 in Dodging
  7738 | D:5      | Reached XP level 9. HP: 64/72 MP: 19/19
  8455 | D:6      | Reached skill level 5 in Spellcasting
  8579 | D:6      | Reached skill level 5 in Fighting
  8652 | D:6      | Found a staircase to the Ecumenical Temple.
  9352 | D:7      | Found Hegug's General Store.
  9355 | D:7      | Bought a potion of lignification for 45 gold pieces
  9355 | D:7      | Bought 2 potions of heal wounds for 150 gold pieces
  9431 | D:7      | Found a flagged portal.
  9505 | Bailey   | Entered a bailey
 10750 | Bailey   | Got the Almanac of Displaced Poison
 11361 | D:7      | Found Pasups's Armour Boutique.
 11747 | D:7      | Found Zogusch's Book Shop.
 12397 | D:7      | Reached XP level 10. HP: 83/83 MP: 5/22
 12832 | D:7      | Noticed Prince Ribbit
 12835 | D:7      | Killed Prince Ribbit
 12962 | D:7      | Found Tuligoud's Book Shoppe.
 13085 | D:7      | Learned a level 4 spell: Olgreb's Toxic Radiance
 13127 | D:6      | Bought a book of Vapours for 144 gold pieces
 13127 | D:6      | Bought a manual of Spellcasting for 960 gold pieces
 13130 | D:6      | Learned a level 2 spell: Poisonous Vapours
 13842 | D:8      | Reached skill level 1 in Poison Magic
 13912 | D:8      | Reached skill level 1 in Unarmed Combat
 14249 | D:8      | Noticed a cyclops
 14283 | D:8      | Noticed a centaur warrior
 14298 | D:8      | Killed a centaur warrior
 14505 | D:8      | Killed a cyclops
 14841 | D:8      | Noticed a cyclops
 14870 | D:8      | Killed a cyclops
 15115 | D:8      | Noticed a red ugly thing
 15181 | D:8      | HP: 3/84 [red ugly thing (21)]
 15208 | D:8      | Killed a red ugly thing
 16027 | D:8      | Noticed a centaur warrior
 16040 | D:8      | Killed a centaur warrior
 16056 | D:8      | Noticed a manticore
 16062 | D:8      | Killed a manticore
 16085 | D:8      | Noticed a cyclops
 16407 | D:9      | Reached XP level 11. HP: 92/92 MP: 8/26
 16677 | D:9      | Identified the +12 war axe of Intense Prudence {vorpal,
                  | rPois Dex+2}
 16859 | D:9      | Noticed a two-headed ogre
 16869 | D:9      | Killed a two-headed ogre
 17053 | D:9      | Noticed a two-headed ogre
 17058 | D:9      | Killed a two-headed ogre
 18100 | D:10     | Entered Level 10 of the Dungeon
 18159 | D:10     | Found a staircase to the Lair.
 19410 | D:10     | Reached skill level 10 in Air Magic
 20028 | D:10     | Identified the +5 flail of Mastery {flame, *Rage Dex+5}
 20419 | Lair:1   | Entered Level 1 of the Lair of Beasts
 20963 | Lair:1   | Found a runed translucent door.
 20967 | Lair:1   | Noticed noobcanoe's ghost (journeyman DEIE)
 21752 | Lair:2   | Noticed a death yak
 21752 | Lair:2   | Noticed a death yak
 21752 | Lair:2   | Noticed a death yak
 21752 | Lair:2   | Noticed a death yak
 21752 | Lair:2   | Noticed a death yak
 21829 | Lair:1   | Killed a death yak
 21830 | Lair:1   | Reached XP level 12. HP: 101/101 MP: 29/29
 21971 | D:11     | Noticed Josephine
 22129 | D:11     | Noticed Sonja
 22138 | D:10     | Killed Josephine
 22139 | D:10     | Reached skill level 5 in Poison Magic
 22345 | D:10     | Reached skill level 5 in Unarmed Combat
 22407 | D:11     | Killed Sonja
 22710 | D:11     | Found a frozen archway.
 22719 | IceCv    | Entered an ice cave
 26351 | D:11     | Noticed Nergalle
 26361 | D:11     | Killed Nergalle
 27247 | D:11     | Noticed a seven-headed hydra
 27452 | D:11     | Killed a seven-headed hydra
 27453 | D:11     | Reached skill level 10 in Spellcasting
 28394 | D:11     | Found a staircase to the Orcish Mines.
 28524 | D:11     | Reached skill level 1 in Armour
 28617 | Orc:1    | Entered Level 1 of the Orcish Mines
 28643 | Orc:1    | Noticed Erica
 28648 | Orc:1    | Killed Erica
 29054 | Orc:2    | Entered Level 2 of the Orcish Mines
 29056 | Orc:2    | Noticed Donald
 29435 | D:12     | Noticed an eight-headed hydra
 29441 | D:12     | Killed an eight-headed hydra
 30164 | D:12     | Noticed a five-headed hydra
 30169 | D:12     | Killed a five-headed hydra
 30170 | D:12     | Reached XP level 13. HP: 111/111 MP: 11/32
 33900 | Lair:2   | Noticed Gastronok
 34167 | Lair:2   | Killed Gastronok
 34313 | Lair:2   | You are sucked into a shaft and drop 1 floor!
 34515 | Lair:1   | Killed noobcanoe's ghost
 34956 | D:7      | Bought Guinag's Tome of the Ashen Volcanoes for 750 gold
                  | pieces
 34960 | D:7      | Learned a level 3 spell: Ignite Poison
 35516 | Lair:2   | Reached skill level 5 in Transmutations
 35516 | Lair:2   | Reached XP level 14. HP: 118/118 MP: 34/34
 35958 | Lair:3   | Reached skill level 1 in Fire Magic
 37520 | Lair:4   | Found a staircase to the Swamp.
 38355 | Lair:4   | Found a hole to the Spider Nest.
 41174 | Lair:6   | Entered Level 6 of the Lair of Beasts
 41741 | Lair:6   | Reached XP level 15. HP: 124/124 MP: 8/36
 42895 | Lair:6   | Found a staircase to the Slime Pits.
 43716 | Lair:6   | Reached skill level 5 in Fire Magic
 44389 | Lair:6   | Got the Volume of Toxins and Snow
 44751 | Lair:6   | Found a runed translucent door.
 45193 | Lair:6   | Identified the +5 spear "Jaurch" {holy, Str+2}
 46049 | D:7      | Bought a book of Storms for 352 gold pieces
 46191 | Swamp:1  | Entered Level 1 of the Swamp
 46309 | Swamp:1  | Noticed a tentacled monstrosity
 46333 | Lair:4   | Slain by an alligator

Illustrated notes

Levels and vault maps discovered:
D:1:      tarquinn_simple_flora_water_d, layout_basic, serial_forest,
          infiniplex_forest_straight_3, infiniplex_forest_straight_1,
          infiniplex_forest_corner_2, infiniplex_forest_lined_corner,
          infiniplex_forest_lined_2, infiniplex_forest_clump_C
D:2:      layout_loops_cross, minmay_hedge_maze,
          minmay_fractal_squares_gapless_5
D:3:      layout_rooms, gup_sewer_entry_bubbles
D:4:      layout_rooms, uniq_sigmund, uniq_grinder, uniq_menkaure
D:5:      layout_basic, general_overflow_altar, serial_shops,
          nicolae_shop_stone, uniq_pikel, uniq_crazy_yiuf_cottage,
          uniq_blork_the_orc
D:6:      layout_basic, zin_treasury, nicolae_overflow_hidden_temple,
          minmay_temple_entry_ruins, serial_shops, nicolae_stop_n_shop_2, shop,
          minmay_statues_item, minivault_1, st_stairs_11, chequers_big_river
D:7:      layout_loops_ring, nicolae_hepliaklqana_hazy_memory, serial_shops,
          nicolae_stop_n_shop_2, kennysheep_mini, nicolae_shop_statue_plus,
          shop, enter_bailey_5, uniq_prince_ribbit1
D:8:      minmay_the_grid_triangle_9x9_rhombus_full
          [minmay_the_grid_triangle_9x9_minimal,
          minmay_the_grid_triangle_9x9_limited_checkers,
          minmay_the_grid_triangle_9x9_warning,
          minmay_the_grid_triangle_9x9_zippers_vertical,
          minmay_the_grid_triangle_9x9_alien,
          minmay_the_grid_triangle_9x9_from_above,
          minmay_the_grid_triangle_9x9_intruding_spiral,
          minmay_the_grid_triangle_9x9_prize_special], layout_cave_pods,
          evilmike_ruin_ashenzari, nicolae_ru_awakened_eye, hex_medium,
          grunt_decor_clamped, hangedman_decor_peaks_small
D:9:      layout_irregular_city
D:10:     layout_roguey, grunt_gozag_breadcrumbs, minmay_lair_entry_grove
D:11:     layout_cave_pools, david_orc_2, serial_ice, serial_ice_c,
          serial_ice_g, serial_ice_e, serial_ice_f,
          portal_ice_cave_entry_pillars_2, uniq_josephine, uniq_sonja,
          uniq_nergalle
D:12:     layout_loops_corners, kennysheep_cross_bottleneck
Lair:1:   layout_small_grid, gammafunk_ghost_grave
Lair:2:   layout_regular_city, lemuel_fruit_tree, infiniplex_staircase_pool_2,
          uniq_gastronok
Lair:3:   layout_loops_ring
Lair:4:   layout_roguey, skrybe_swamp_entry_bodies,
          nicolae_spider_entry_tight_spaces, chequers_serial_rivers_micro_b
Lair:5:   layout_gridlike, st_stairs_4
Lair:6:   hangedman_lair_tendril_chambers, layout_long_grid, wormcave,
          slime_altar_1
Swamp:1:  layout_basic_swamp, evilmike_swamp_ruin_rubble_2
Orc:1:    layout_caves, uniq_erica
Orc:2:    st_orc_ogre_mass, layout_caves, uniq_donald

Skill      XL: |  1  2  3  4  5  6  7  8  9 10 11 12 13 14 15 |
---------------+----------------------------------------------+-----
Air Magic      | 3 4 5 6 7 8 9 10 11 12 | 12.0
Conjurations   | 1 2 3 |  3.0
Dodging        | 2 3 5 6 7 8 9 |  9.2
Spellcasting   | 2 3 4 5 7 9 10 11 12 | 12.9
Fighting       | 1 3 4 6 7 8 9 |  9.0
Poison Magic   | 2 4 6 |  6.0
Unarmed Combat | 2 4 6 7 8 9 |  9.6
Armour         | 2 3 |  3.0
Transmutations | 5 7 8 |  8.3
Fire Magic     | 4 5 |  5.9
Stealth        | |  1.7

Action                   |  1- 3 |  4- 6 |  7- 9 | 10-12 | 13-15 || total
-------------------------+-------+-------+-------+-------+-------++-------
Melee: Dagger            |       |    17 |     7 |       |       ||    24
       Spear             |       |       |    30 |       |       ||    30
       Quarterstaff      |       |       |    69 |    50 |       ||   119
       War axe           |       |       |       |    72 |    18 ||    90
       Punch             |       |       |       |     2 |     1 ||     3
 Cast: Shock             |    83 |    72 |    56 |       |       ||   211
       Airstrike         |       |       |   113 |   354 |   224 ||   691
       Swiftness         |       |       |     1 |       |       ||     1
       Static Discharge  |       |       |     1 |    12 |    18 ||    31
       Poisonous Vapours |       |       |       |    69 |    96 ||   165
       Olgreb's Toxic Ra |       |       |       |    25 |    41 ||    66
       Ignite Poison     |       |       |       |       |    85 ||    85
Evoke: Wand              |       |       |       |       |     5 ||     5
  Use: Potion            |     1 |       |     1 |       |     3 ||     5
       Scroll            |       |       |    14 |     6 |    13 ||    33
 Stab: Distracted        |       |       |       |     2 |       ||     2
       Sleeping          |       |       |       |     1 |       ||     1
Armor: Robe              |     4 |    11 |    26 |    36 |       ||    77
       Steam dragon scal |       |       |       |    37 |       ||    37
       Leather armour    |       |       |       |    12 |    57 ||    69
Dodge: Dodged            |     7 |    19 |   105 |   270 |   150 ||   551
Block: Buckler           |       |       |       |     5 |       ||     5
